 Dungeon Crawl Stone Soup version 0.32-a0-576-g706899e69d (webtiles) character file.

Game seed: 11350558929160214789

4699 backslashecho the Cleaver (level 10, -6/115 HPs)
             Began as a Coglin Berserker on Mar 2, 2024.
             Was a Priest of Trog.
             Succumbed to orange demon's concentrated venom
             ... on level 8 of the Dungeon.
             The game lasted 00:17:11 (9088 turns).

backslashecho the Cleaver (Coglin Berserker)        Turns: 9088, Time: 00:17:12

Health: -6/115     AC: 14    Str: 22    XL:     10   Next: 45%
Magic:  10/10      EV: 11    Int:  6    God:    Trog [***...]
Gold:   152        SH:  0    Dex: 17    Spells: 9/9 levels left

rFire   + . .        a - +0 war axe {Hwan}
rCold   . . .        c - +0 dagger {Carmen}
rNeg    + . .        C - +0 chain mail
rPois   .            (no helmet)
rElec   .            B - scarf {shadows}
rCorr   .            e - +1 pair of gloves {Dex+3}
SInv    .            h - +1 pair of boots of Feetu {rF+ rN+}
Will    .....        (amulet unavailable) Stlth
                     (ring unavailable)
HPRegen 0.39/turn    (ring unavailable)
MPRegen 0.12/turn    (no gizmo)

%: no passive effects
@: berserking (expiring), lethally poisoned (-6 -> -38), slowed, revved
A: off-hand wielding, slow wielding, warmup strikes, no jewellery
a: Invent Gizmo, Renounce Religion, Berserk, Trog's Hand


You were on level 8 of the Dungeon.
You worshipped Trog.
Trog was most pleased with you.
You visited 1 branch of the dungeon, and saw 8 of its levels.
You also visited: Ossuary.

You collected 462 gold pieces.
You spent 310 gold pieces at shops.

Inventory:

Hand Weapons
 a - a +0 war axe (weapon) {Hwan}
 c - a +0 dagger (offhand) {Carmen}
Armour
 e - a +1 pair of gloves of dexterity (worn)
 h - the +1 pair of boots of Feetu (worn) {rF+ rN+}
   (You found it on level 6 of the Dungeon)

   rF+:       It protects you from fire.
   rN+:       It protects you from negative energy.
 B - a scarf of shadows (worn)
 C - a +0 chain mail (worn)
Wands
 s - a wand of flame (9)
 w - a wand of iceblast (14)
 y - a wand of quicksilver (12)
 F - a wand of charming (10)
Scrolls
 i - 2 scrolls of vulnerability {unknown}
 j - a scroll of revelation
 l - 3 scrolls of fear {unknown}
 n - 4 scrolls of blinking
 o - 4 scrolls of teleportation {unknown}
 r - 3 scrolls of poison {unknown}
 t - 2 scrolls of noise {unknown}
 x - a scroll of amnesia {unknown}
 z - 3 scrolls of silence {unknown}
 A - a scroll of enchant armour {unknown}
 D - 2 scrolls of butterflies {unknown}
 G - a scroll of enchant weapon {unknown}
Potions
 b - a potion of enlightenment
 d - a potion of lignification
 f - 2 potions of mutation
 g - 2 potions of curing
 m - 3 potions of might
 p - 6 potions of heal wounds
 q - 2 potions of cancellation
 u - a potion of ambrosia
 v - a potion of berserk rage
 E - a potion of attraction


   Skills:
 + Level 6.5 Fighting
 - Level 2.0 Short Blades
 * Level 11.5 Axes
 + Level 5.6 Armour
 - Level 5.0 Dodging


You had 9 spell levels left.
You didn't know any spells.
Your spell library was empty.

Dungeon Overview and Level Annotations

Branches:
Dungeon (8/15)             Temple (0/1) D:5         Ossuary (visited)
   Lair: D:8-11

Altars:
Kikubaaqudgha
Trog
Uskayaw
Wu Jian

Shops:
D:2 [   D:7 !

Annotations:
D:7 1 runed translucent door, 1 exclusion, Crazy Yiuf


Innate Abilities, Weirdness & Mutations

You can wield a second weapon in your off-hand.
It takes a long time for you to wield or remove held weapons.
Your first few attacks do less damage.
You cannot equip rings or amulets.


Message History

Amaemon claws you but does no damage. Amaemon closely misses you.
You now have 114/114 hp.
You hit Amaemon with your +0 dagger.
Amaemon is lightly wounded.
You slice Amaemon with your +0 war axe!!
You hear a screech!
You closely miss Amaemon with your +0 war axe.
Amaemon is heavily wounded.
You barely miss Amaemon with your +0 dagger.
Amaemon hits you with a -2 demon whip of venom.
You are poisoned.
Amaemon claws you. Amaemon closely misses you.
An orange demon comes into view.
You take 8 damage, and have 106/114 hp.
You hit Amaemon with your +0 war axe.
Amaemon is heavily wounded.
You hit Amaemon with your +0 dagger.
You feel very sick.
Amaemon hits you with a -2 demon whip of venom!
You are more poisoned.
Amaemon claws you!
Amaemon tail-slaps you but does no damage.
You take 20 damage, and have 86/114 hp.
You barely miss Amaemon with your +0 war axe.
Amaemon is heavily wounded.
You closely miss Amaemon with your +0 dagger.
You feel sick.
You take 2 damage, and have 84/114 hp.
You puncture Amaemon with your +0 dagger!
Amaemon is severely wounded.
You slice Amaemon with your +0 war axe!!
You feel very sick.
Amaemon casts a spell at the orange demon.
The orange demon's venom grows more potent.
The orange demon barely misses you.
You take 3 damage, and have 81/114 hp.
You closely miss Amaemon with your +0 dagger.
Amaemon is almost dead.
You barely miss Amaemon with your +0 war axe.
You feel very sick.
You take 3 damage, and have 78/114 hp.
You slash Amaemon with your +0 war axe!
You kill Amaemon!
Trog accepts your kill.
Trog appreciates your killing of a magic user.
You feel sick. The orange demon stings you from afar.
You are more poisoned.
You have difficulty breathing.
You feel yourself slow down.
You take 14 damage, and have 64/115 hp.
You feel extremely sick. The orange demon stings you.
The orange demon barely misses you.
Things that are here:
a -2 demon whip of venom; the demonspawn corpse of Amaemon You take 13 damage, and have 51/115 hp.
You slash the orange demon with your +0 war axe!
The orange demon is moderately wounded.
You puncture the orange demon with your +0 dagger!
You feel very sick. The orange demon stings you.
You are lethally poisoned!
You have difficulty breathing.
* * * LOW HITPOINT WARNING * * *
You feel as though you will be slow longer.
The orange demon hits you but does no damage.
You take 17 damage, and have 34/115 hp.
You hit the orange demon with your +0 dagger.
The orange demon is heavily wounded.
You slice the orange demon with your +0 war axe!!
* * * LOW HITPOINT WARNING * * *
You feel extremely sick. The orange demon barely misses you.
The orange demon hits you but does no damage.
You take 13 damage, and have 21/115 hp.
You hit the orange demon but do no damage.
The orange demon is almost dead.
You slash the orange demon with your +0 war axe!
You kill the orange demon!
Trog accepts your kill.
* * * LOW HITPOINT WARNING * * *
You feel extremely sick.
You take 9 damage, and have 12/115 hp.
* * * LOW HITPOINT WARNING * * *
You feel extremely sick.
You take 10 damage, and have 2/115 hp.
You are too berserk!
You are too berserk!
You are too berserk!
You are too berserk!
You are too berserk!
You are too berserk!
You are too berserk!
You are too berserk!
You are too berserk!
You are too berserk!
You are too berserk!
You are too berserk!
Unknown command.
Unknown command.
You feel a strong urge to attack something.
You die...

#...# #.#.
##..# #.#
#.#. #..#
#.# #.#.
#..# #.#
#.#.
#..###.. ...
#.).
##......#
#.# ###.
...######
#.# #. ####
#)####
###########.
#..@.#
#...........
####.#
#.##########
#.# #.# #
#.# #.# # ##
#.# #.# # ..
#.#
#.####### #
####.# #.#
#.......# #
..<.!# #.#
#######)# #
####.# #.#
#.# #


There were no monsters in sight!

Vanquished Creatures
  Amaemon (D:8)
  Maurice (D:7)
  Joseph (D:8)
  An orange demon (D:8)
  Maggie (D:6)
  Psyche (D:8)
  Sigmund (D:6)
  Menkaure (D:4)
  An orc warrior (D:6)
  2 sky beasts
  A hornet zombie (D:6)
  A black bear (D:7)
  2 ogres
  A centaur (D:8)
  A phantom (D:5)
  2 bullfrogs
  2 scorpions
  9 wights
  2 burial acolytes (Ossuary)
  A bullfrog zombie (D:6)
  3 centaur zombies (D:6)
  A jelly (D:6)
  A bombardier beetle (D:4)
  A human zombie (D:6)
  6 hounds
  2 bullfrog skeletons (D:6)
  Natasha (twice) (D:4)
  5 orc wizards
  A killer bee zombie (D:6)
  A mummy (D:4)
  7 adders
  2 white imps (D:7)
  A ribbon worm (D:2)
  5 dart slugs
  22 orcs
  7 bats
  10 endoplasms
  3 giant cockroaches
  4 goblins
  4 hobgoblins
  3 quokkas
  8 ball pythons
  A ball python skeleton (Ossuary)
  5 frilled lizards
  2 hobgoblin skeletons (Ossuary)
  5 kobolds
  2 kobold skeletons (Ossuary)
  3 orc skeletons (Ossuary)
  3 rats
153 creatures vanquished.

Notes
Turn   | Place    | Note
-------+----------+-------------------------------------------
     0 | D:1      | backslashecho the Coglin Berserker began the quest for the
                  | Orb.
     0 | D:1      | Reached XP level 1. HP: 18/18 MP: 1/1
   145 | D:1      | Reached XP level 2. HP: 24/24 MP: 2/2
   333 | D:1      | Reached skill level 1 in Short Blades
   492 | D:1      | Found a faded altar of an unknown god.
   561 | D:1      | Reached XP level 3. HP: 29/29 MP: 3/3
   645 | D:1      | Reached ** piety under Trog
  1033 | D:2      | Found the +1 Delatra's gloves {ID++}
  1276 | D:2      | Found Cygrat's Armour Emporium.
  1652 | D:2      | Reached XP level 4. HP: 35/35 MP: 4/4
  2151 | D:3      | Reached skill level 4 in Axes
  2280 | D:3      | Reached XP level 5. HP: 32/41 MP: 5/5
  2425 | D:3      | You fall into a shaft and drop 1 floor!
  2540 | D:4      | Found a sand-covered staircase.
  2553 | D:4      | Reached skill level 5 in Axes
  2630 | Ossuary  | Entered an ossuary
  2679 | Ossuary  | Reached *** piety under Trog
  2680 | Ossuary  | Reached XP level 6. HP: 48/48 MP: 6/6
  2912 | Ossuary  | Noticed a laughing skull
  2922 | Ossuary  | Noticed a laughing skull
  2923 | Ossuary  | Noticed a laughing skull
  2925 | Ossuary  | Noticed a laughing skull
  2925 | Ossuary  | Noticed a laughing skull
  3006 | Ossuary  | Reached skill level 6 in Axes
  3009 | Ossuary  | Reached XP level 7. HP: 10/55 MP: 7/7
  3532 | D:4      | Noticed Natasha
  3536 | D:4      | Killed Natasha
  3598 | D:4      | Reached skill level 5 in Fighting
  3661 | D:4      | Noticed Natasha
  3667 | D:4      | Killed Natasha
  3919 | D:4      | Noticed Menkaure
  3937 | D:4      | Killed Menkaure
  3938 | D:4      | Reached skill level 7 in Axes
  4288 | D:4      | Found a bloodstained altar of Trog.
  4466 | D:5      | Entered Level 5 of the Dungeon
  4568 | D:5      | Reached XP level 8. HP: 30/63 MP: 8/8
  4799 | D:5      | Found a staircase to the Ecumenical Temple.
  5298 | D:5      | Reached skill level 8 in Axes
  5650 | D:6      | Found a hide-covered altar of Uskayaw.
  5816 | D:2      | Bought a +1 pair of gloves of dexterity for 198 gold pieces
  6226 | D:6      | Noticed Sigmund
  6242 | D:6      | Killed Sigmund
  6394 | D:6      | Noticed Maggie
  6407 | D:6      | Killed Maggie
  6408 | D:6      | Reached skill level 9 in Axes
  6408 | D:6      | Reached XP level 9. HP: 24/69 MP: 9/9
  6634 | D:6      | Identified the +1 pair of boots of Feetu {rF+ rN+}
  6771 | D:6      | Found an ornate altar of the Wu Jian Council.
  7297 | D:6      | Found an ancient bone altar of Kikubaaqudgha.
  7527 | D:7      | Found Uxilith's Distillery.
  7532 | D:7      | Bought a potion of heal wounds for 70 gold pieces
  7532 | D:7      | Bought a potion of lignification for 42 gold pieces
  7708 | D:7      | Reached skill level 10 in Axes
  7828 | D:7      | Noticed Maurice
  7837 | D:7      | Something stole 110 gold
  7880 | D:7      | Killed Maurice
  8466 | D:7      | Found a runed translucent door.
  8467 | D:7      | Noticed Crazy Yiuf
  8852 | D:8      | Reached XP level 10. HP: 67/75 MP: 10/10
  8877 | D:8      | Noticed Psyche
  8882 | D:8      | Killed Psyche
  8883 | D:8      | Reached skill level 11 in Axes
  8883 | D:8      | Reached skill level 5 in Armour
  8883 | D:8      | Reached skill level 5 in Dodging
  8909 | D:8      | Noticed Joseph
  8925 | D:8      | Killed Joseph
  9074 | D:8      | Noticed Amaemon
  9077 | D:8      | Noticed an orange demon
  9082 | D:8      | Killed Amaemon
  9086 | D:8      | Killed an orange demon
  9087 | D:8      | HP: 2/115 [poisoned by orange demon (concentrated venom)]
  9088 | D:8      | Succumbed to orange demon's concentrated venom

Illustrated notes

Levels and vault maps discovered:
D:1:      dpeg_arrival_circle_labyrinth_c, layout_basic,
          dreamdust_ecumenical_altar_angels_and_demons, nrook_mini_backslash,
          item_on_display_a
D:2:      layout_loops_cross, serial_shops, nicolae_shop_advertising_works
          [nicolae_subvault_shop_adworks]
D:3:      layout_rooms, serial_park_tiny_pond, serial_bayou_ford_a
D:4:      layout_basic, lightli_temple_of_fire, gup_ossuary_entry_pyramid,
          uniq_menkaure, uniq_natasha
D:5:      layout_loops_ring, minmay_temple_entry_arrows
D:6:      layout_cave_pods, lemuel_mausoleum_altar_kikubaaqudgha,
          lemuel_round_altar, nicolae_overflow_crystal_walls, serial_rivers,
          chequers_serial_rivers_micro_e, chequers_serial_rivers_micro_d,
          chequers_serial_rivers_large_a, chequers_serial_rivers_micro_c,
          minivault_25, uniq_sigmund, uniq_maggie
D:7:      layout_basic, serial_shops, nicolae_shop_hallway_plus,
          uniq_crazy_yiuf_cottage, uniq_maurice
D:8:      layout_loops_ring, uniq_amaemon, uniq_psyche, uniq_joseph

Skill      XL: |  1  2  3  4  5  6  7  8  9 10 |
---------------+-------------------------------+-----
Armour         | 2 3 4 5 |  5.6
Short Blades   | 1 2 |  2.0
Dodging        | 2 3 4 5 |  5.0
Axes           | 4 5 6 7 9 10 11 | 11.5
Fighting       | 4 5 6 |  6.5

Action                     |  1- 3 |  4- 6 |  7- 9 | 10-12 || total
---------------------------+-------+-------+-------+-------++-------
  Melee: Hand axe          |   105 |   139 |    86 |       ||   330
         Dagger            |    94 |   129 |   266 |    15 ||   504
         War axe           |       |       |   201 |    14 ||   215
 Invoke: Berserk           |       |     3 |     6 |     2 ||    11
         Trog's Hand       |       |     1 |     3 |       ||     4
  Evoke: Wand              |       |       |     3 |     4 ||     7
    Use: Scroll            |       |       |    11 |     1 ||    12
         Potion            |       |       |     3 |       ||     3
   Stab: Sleeping          |       |     2 |     2 |       ||     4
 Armour: Animal skin       |    56 |    85 |    27 |       ||   168
         Chain mail        |       |       |   179 |    19 ||   198
         Skin              |       |       |    35 |       ||    35
  Dodge: Dodged            |    75 |    54 |   114 |     7 ||   250

Table legend: (Time is in decaauts)
 A = Elapsed time spent in this place.
 B = Non-inter-level travel time spent in this place.
 C = Inter-level travel time spent in this place.
 D = Time resting spent in this place.
 E = Time spent auto-exploring this place.
 F = Levels seen in this place.
 G = Mean time per level.
                   A        B        C        D        E       F      G
               +--------+--------+--------+--------+--------+-----+--------+
         Total |   9216 |   8472 |    744 |   1736 |   5158 |   9 | 1024.0 |
       Dungeon |   8533 |   7789 |    744 |   1398 |   4965 |   8 | 1066.6 |
       Ossuary |    682 |    682 |      0 |    337 |    193 |   1 |  682.0 |
               +--------+--------+--------+--------+--------+-----+--------+

Top non-repeatable levels by time:
     D:6: 1550 daAuts
     D:4: 1284 daAuts
     D:5: 1221 daAuts
     D:7: 1153 daAuts
     D:1: 1054 daAuts
     D:2: 919 daAuts
     D:3: 876 daAuts
 Ossuary: 682 daAuts
     D:8: 473 daAuts
